[Event "FICS rated standard game"]
[Site "FICS freechess.org"]
[FICSGamesDBGameNo "20002873"]
[White "mei"]
[Black "VDCHESS"]
[WhiteElo "1670"]
[BlackElo "1568"]
[WhiteRD "na"]
[BlackRD "na"]
[TimeControl "600+12"]
[Date "1999.10.21"]
[Time "07:14:00"]
[WhiteClock "0:10:00.000"]
[BlackClock "0:10:00.000"]
[ECO "C39"]
[PlyCount "122"]
[Result "0-1"]

1. e4 e5 2. f4 exf4 3. Nf3 g5 4. h4 g4 5. Ng5 h6 6. Nxf7 Kxf7 7. Qxg4 Nf6 8. Qxf4 Kg8 9. Bc4+ d5 10. exd5 Nxd5 11. O-O Be6 12. Bxd5 Bxd5 13. d4 Rh7 14. Nc3 Rf7 15. Qe5 Rxf1+ 16. Kxf1 Bc4+ 17. Kg1 Bg7 18. Qg3 Qxd4+ 19. Be3 Qe5 20. Qxe5 Bxe5 21. Bxh6 Bg3 22. Bg5 Nc6 23. Ne4 Be5 24. c3 b6 25. g4 Nd8 26. h5 Ne6 27. Be3 Bf4 28. Bxf4 Nxf4 29. Kf2 Nd3+ 30. Kg3 Nxb2 31. Nf6+ Kg7 32. g5 Nd3 33. Kg4 Ne5+ 34. Kf5 Nf3 35. h6+ Kh8 36. Rd1 Nh4+ 37. Kg4 Be2+ 38. Kxh4 Bxd1 39. g6 Rg8 40. Nxg8 Kxg8 41. Kg5 Bc2 42. Kf6 Bxg6 43. Kxg6 b5 44. Kf6 c5 45. Ke5 b4 46. c4 a5 47. Kd5 a4 48. Kxc5 b3 49. axb3 axb3 50. Kd6 b2 51. c5 b1=Q 52. c6 Qb8+ 53. c7 Qc8 54. Kc6 Kh7 55. Kb6 Kxh6 56. Kc6 Kg6 57. Kb6 Kf6 58. Kc6 Ke6 59. Kb6 Kd6 60. Ka7 Qxc7+ 61. Ka8 Qd7 {White resigns} 0-1

[Event "FICS rated blitz game"]
[Site "FICS freechess.org"]
[FICSGamesDBGameNo "20002872"]
[White "motive"]
[Black "damni"]
[WhiteElo "1335"]
[BlackElo "1394"]
[WhiteRD "na"]
[BlackRD "na"]
[TimeControl "300+0"]
[Date "1999.10.21"]
[Time "07:06:00"]
[WhiteClock "0:05:00.000"]
[BlackClock "0:05:00.000"]
[ECO "C02"]
[PlyCount "42"]
[Result "0-1"]

1. e4 e6 2. d4 d5 3. e5 Be7 4. Nf3 Nh6 5. Bxh6 gxh6 6. Qd2 Bg5 7. Nxg5 hxg5 8. Nc3 Nc6 9. a3 f6 10. Bd3 fxe5 11. dxe5 Nxe5 12. O-O-O Bd7 13. Be2 Qf6 14. Bh5+ Ng6 15. f3 O-O-O 16. Bxg6 Qxg6 17. Qd4 Rhe8 18. Qxa7 c6 19. Na4 Kc7 20. Qb6+ Kd6 21. Qc5+ Kc7 {White forfeits on time} 0-1

[Event "FICS rated standard game"]
[Site "FICS freechess.org"]
[FICSGamesDBGameNo "20002871"]
[White "petrk"]
[Black "LeapyFrog"]
[WhiteElo "1871"]
[BlackElo "1865"]
[WhiteRD "na"]
[BlackRD "na"]
[TimeControl "300+15"]
[Date "1999.10.21"]
[Time "06:33:00"]
[WhiteClock "0:05:00.000"]
[BlackClock "0:05:00.000"]
[ECO "B31"]
[PlyCount "62"]
[Result "0-1"]

1. e4 c5 2. Nf3 Nc6 3. Bb5 g6 4. O-O Bg7 5. c3 e5 6. Re1 Nge7 7. d3 O-O 8. a4 a6 9. Bc4 d6 10. Na3 Be6 11. Be3 b6 12. Rb1 d5 13. exd5 Bxd5 14. b4 cxb4 15. cxb4 Nf5 16. Bxd5 Nxe3 17. Bxf7+ Rxf7 18. Rxe3 Qd6 19. Qb3 Nd4 20. Nxd4 Qxd4 21. Rf3 Rf8 22. Rc1 Bh6 23. Rxf7 Rxf7 24. Rf1 Kg7 25. Nc2 Qg4 26. Qc3 Qe2 27. d4 Bd2 28. Qb2 Be3 29. dxe5 Bxf2+ 30. Rxf2 Qxf2+ 31. Kh1 Qf1# {White checkmated} 0-1

[Event "FICS rated blitz game"]
[Site "FICS freechess.org"]
[FICSGamesDBGameNo "20002868"]
[White "tuttu"]
[Black "zaraza"]
[WhiteElo "1833"]
[BlackElo "1863"]
[WhiteRD "na"]
[BlackRD "na"]
[TimeControl "180+0"]
[Date "1999.10.21"]
[Time "05:58:00"]
[WhiteClock "0:03:00.000"]
[BlackClock "0:03:00.000"]
[ECO "B00"]
[PlyCount "35"]
[Result "1-0"]

1. e4 b6 2. d4 Bb7 3. Bd3 e6 4. Nf3 c5 5. c3 d5 6. e5 cxd4 7. cxd4 Ba6 8. Bxa6 Nxa6 9. Qa4+ Qd7 10. Qxa6 Bb4+ 11. Nc3 Ne7 12. O-O O-O 13. Qd3 Nf5 14. Be3 Nxe3 15. fxe3 f5 16. exf6 Rxf6 17. Ne5 Raf8 18. Nxd7 {Black resigns} 1-0

[Event "FICS rated lightning game"]
[Site "FICS freechess.org"]
[FICSGamesDBGameNo "20002867"]
[White "nimraz"]
[Black "DjBoy"]
[WhiteElo "2118"]
[BlackElo "1793"]
[WhiteRD "na"]
[BlackRD "na"]
[TimeControl "120+0"]
[Date "1999.10.21"]
[Time "05:49:00"]
[WhiteClock "0:02:00.000"]
[BlackClock "0:02:00.000"]
[ECO "B57"]
[PlyCount "39"]
[Result "1-0"]

1. e4 c5 2. Nf3 d6 3. Nc3 Nc6 4. d4 cxd4 5. Nxd4 Nf6 6. Bc4 g6 7. Nxc6 bxc6 8. e5 Nd7 9. exd6 exd6 10. O-O Be7 11. Bh6 Nb6 12. Qf3 Nxc4 13. Qxc6+ Bd7 14. Qxc4 Rc8 15. Qd4 Bf6 16. Rfe1+ Be6 17. Qxa7 Bxc3 18. bxc3 Rxc3 19. Bg7 Rg8 20. Bxc3 {Black resigns} 1-0

[Event "FICS rated lightning game"]
[Site "FICS freechess.org"]
[FICSGamesDBGameNo "20002866"]
[White "Dibu"]
[Black "randomizer"]
[WhiteElo "1592"]
[BlackElo "1460"]
[WhiteRD "na"]
[BlackRD "na"]
[TimeControl "60+0"]
[Date "1999.10.21"]
[Time "05:19:00"]
[WhiteClock "0:01:00.000"]
[BlackClock "0:01:00.000"]
[ECO "C78"]
[PlyCount "58"]
[Result "0-1"]

1. e4 e5 2. Nf3 Nc6 3. Bb5 a6 4. Ba4 Nf6 5. O-O Bc5 6. c3 O-O 7. d4 exd4 8. Bxc6 dxc6 9. cxd4 Bb6 10. e5 Nd5 11. Be3 Bg4 12. Nc3 Nxe3 13. fxe3 Bxf3 14. Qxf3 Qg5 15. Ne4 Qh6 16. Qg3 Rad8 17. Rf4 Rd5 18. Rh4 Qg6 19. Rg4 Qh6 20. Nf6+ Kh8 21. Rxg7 Qxg7 22. Qxg7+ Kxg7 23. Nxd5 cxd5 24. Re1 c5 25. Rf1 cxd4 26. exd4 Bxd4+ 27. Kh1 Bxe5 28. Rf5 Bxb2 29. Rxd5 b6 {White forfeits on time} 0-1

[Event "FICS rated blitz game"]
[Site "FICS freechess.org"]
[FICSGamesDBGameNo "20002864"]
[White "AaPe"]
[Black "TexasLaw"]
[WhiteElo "1420"]
[BlackElo "1399"]
[WhiteRD "na"]
[BlackRD "na"]
[TimeControl "300+0"]
[Date "1999.10.21"]
[Time "05:13:00"]
[WhiteClock "0:05:00.000"]
[BlackClock "0:05:00.000"]
[ECO "C44"]
[PlyCount "86"]
[Result "0-1"]

1. e4 e5 2. Nf3 Nf6 3. d3 Nc6 4. c3 d5 5. exd5 Nxd5 6. Qe2 Bg4 7. h3 Bh5 8. g4 Bg6 9. Nxe5 Nxe5 10. Qxe5+ Qe7 11. Qxe7+ Bxe7 12. Be2 O-O-O 13. O-O h5 14. g5 f6 15. f4 fxg5 16. fxg5 Rhf8 17. c4 Nb6 18. Nc3 Bxd3 19. Rxf8 Bxf8 20. Bxh5 g6 21. Bg4+ Bf5 22. Bxf5+ gxf5 23. b3 Nd7 24. Bf4 Bg7 25. Rc1 Ne5 26. Nd5 Nd3 27. Rf1 c6 28. Ne7+ Kd7 29. Nxf5 Nxf4 30. Rxf4 Be5 31. Rf1 Rf8 32. Rd1+ Ke6 33. Ne3 c5 34. Ng4 Rh8 35. Nxe5 Kxe5 36. Kg2 Kf5 37. Rd5+ Ke6 38. Rxc5 Kd6 39. Rd5+ Kc6 40. Kg3 Re8 41. h4 a6 42. Kg4 b5 43. Rf5 bxc4 {White forfeits on time} 0-1

[Event "FICS rated blitz game"]
[Site "FICS freechess.org"]
[FICSGamesDBGameNo "20002863"]
[White "jaminski"]
[Black "Vladslav"]
[WhiteElo "1466"]
[BlackElo "1338"]
[WhiteRD "na"]
[BlackRD "na"]
[TimeControl "120+12"]
[Date "1999.10.21"]
[Time "04:49:00"]
[WhiteClock "0:02:00.000"]
[BlackClock "0:02:00.000"]
[ECO "C77"]
[PlyCount "51"]
[Result "1-0"]

1. e4 e5 2. Nf3 Nc6 3. Bb5 a6 4. Ba4 Nf6 5. d3 b5 6. Bb3 Be7 7. a3 O-O 8. O-O d6 9. Nc3 Na5 10. Ba2 c5 11. Nd5 Nxd5 12. Bxd5 Ra7 13. Be3 Qc7 14. b4 Nb7 15. Ba2 Nd8 16. Rc1 Nc6 17. c4 Be6 18. Bb1 Rb8 19. bxc5 dxc5 20. cxb5 Rxb5 21. a4 Ra5 22. Bd2 Nb4 23. Bxb4 Qb6 24. Bxa5 Qxa5 25. Nxe5 Bf6 26. Nc6 {Black resigns} 1-0

[Event "FICS rated blitz game"]
[Site "FICS freechess.org"]
[FICSGamesDBGameNo "20002862"]
[White "bdiller"]
[Black "trelling"]
[WhiteElo "1774"]
[BlackElo "1715"]
[WhiteRD "na"]
[BlackRD "na"]
[TimeControl "180+0"]
[Date "1999.10.21"]
[Time "01:27:00"]
[WhiteClock "0:03:00.000"]
[BlackClock "0:03:00.000"]
[ECO "A90"]
[PlyCount "51"]
[Result "1-0"]

1. c4 e6 2. d4 f5 3. Nf3 Nf6 4. g3 d5 5. Bg2 c6 6. O-O Bd6 7. Qc2 O-O 8. b3 Nbd7 9. cxd5 exd5 10. Qxf5 Nc5 11. Qc2 Nce4 12. Nc3 Bf5 13. Nxe4 Nxe4 14. Qb2 Qe7 15. Be3 Rae8 16. Rac1 Qf7 17. b4 Qh5 18. b5 Rc8 19. bxc6 bxc6 20. Qb7 Rc7 21. Qa6 Bg4 22. Rxc6 Bxf3 23. Bxf3 Rxf3 24. exf3 Qxf3 25. Rxc7 Bxc7 26. Qc8+ {Black resigns} 1-0

[Event "FICS rated blitz game"]
[Site "FICS freechess.org"]
[FICSGamesDBGameNo "20002860"]
[White "Xpac"]
[Black "Ydracth"]
[WhiteElo "1016"]
[BlackElo "1025"]
[WhiteRD "na"]
[BlackRD "na"]
[TimeControl "180+2"]
[Date "1999.10.21"]
[Time "00:44:00"]
[WhiteClock "0:03:00.000"]
[BlackClock "0:03:00.000"]
[ECO "B10"]
[PlyCount "22"]
[Result "0-1"]

1. e4 c6 2. Bc4 d5 3. Bb3 e5 4. d3 Be6 5. Qh5 Bd6 6. Bg5 Ne7 7. Bxe7 Qxe7 8. Nc3 g6 9. Qd1 Nd7 10. Nf3 O-O 11. O-O Qf6 {White resigns} 0-1

[Event "FICS rated standard game"]
[Site "FICS freechess.org"]
[FICSGamesDBGameNo "20002859"]
[White "Whatarook"]
[Black "ReverendJay"]
[WhiteElo "1285"]
[BlackElo "1592"]
[WhiteRD "na"]
[BlackRD "na"]
[TimeControl "660+11"]
[Date "1999.10.20"]
[Time "22:01:00"]
[WhiteClock "0:11:00.000"]
[BlackClock "0:11:00.000"]
[ECO "C50"]
[PlyCount "81"]
[Result "0-1"]

1. e4 e5 2. Nf3 Nc6 3. Bc4 Bc5 4. d3 d6 5. Ng5 Be6 6. Bxe6 fxe6 7. Nxe6 Bxf2+ 8. Kxf2 Qf6+ 9. Nf4 exf4 10. Qf3 Nd4 11. Qxf4 Qxf4+ 12. Bxf4 Nxc2 13. e5 O-O-O 14. exd6 cxd6 15. Nc3 Nxa1 16. Nb5 Nc2 17. Nxa7+ Kc7 18. Nb5+ Kc6 19. Na7+ Kb6 20. Rc1 Kxa7 21. Rxc2 Nf6 22. Be3+ Kb8 23. Bf4 h6 24. Rc5 g5 25. Bg3 Rhf8 26. Kg1 Nh5 27. Ra5 Nxg3 28. hxg3 Rde8 29. Kh2 Re5 30. Ra4 Rf2 31. Kh3 Rxb2 32. Kg4 Rxg2 33. d4 Re3 34. Kh5 Rgxg3 35. d5 Rh3+ 36. Kg6 Ra3 37. Re4 Rxa2 38. Kf6 Raa3 39. Ke6 Rhe3 40. Kf5 Rxe4 41. Kxe4 {White resigns} 0-1

[Event "FICS rated lightning game"]
[Site "FICS freechess.org"]
[FICSGamesDBGameNo "20002858"]
[White "adder"]
[Black "Tsvetkov"]
[WhiteElo "1495"]
[BlackElo "1241"]
[WhiteRD "na"]
[BlackRD "na"]
[TimeControl "60+0"]
[Date "1999.10.20"]
[Time "21:49:00"]
[WhiteClock "0:01:00.000"]
[BlackClock "0:01:00.000"]
[ECO "C45"]
[PlyCount "46"]
[Result "1-0"]

1. e4 e5 2. Nf3 Nc6 3. d4 exd4 4. Nxd4 Nxd4 5. Qxd4 d6 6. Nc3 Nf6 7. Bg5 Be7 8. O-O-O O-O 9. e5 Nd7 10. Bxe7 Qxe7 11. exd6 cxd6 12. Bc4 Qf6 13. Qxf6 Nxf6 14. Rhe1 Rd8 15. Nd5 Nxd5 16. Bxd5 Rb8 17. Re7 Kf8 18. Rde1 Bd7 19. Rxf7+ Kg8 20. Rxd7+ Kf8 21. Rxd8+ Rxd8 22. Re2 Rd7 23. c4 b6 {Black resigns} 1-0

[Event "FICS rated blitz game"]
[Site "FICS freechess.org"]
[FICSGamesDBGameNo "20002857"]
[White "Miqualle"]
[Black "vendemiatrix"]
[WhiteElo "1303"]
[BlackElo "1717"]
[WhiteRD "na"]
[BlackRD "na"]
[TimeControl "240+0"]
[Date "1999.10.20"]
[Time "21:13:00"]
[WhiteClock "0:04:00.000"]
[BlackClock "0:04:00.000"]
[ECO "B00"]
[PlyCount "70"]
[Result "0-1"]

1. e4 Nc6 2. Nf3 d6 3. d4 Nf6 4. Nc3 Bg4 5. Bc4 Bxf3 6. gxf3 e5 7. d5 Ne7 8. Be3 a6 9. Qe2 b5 10. Bd3 g6 11. O-O Bg7 12. f4 Nd7 13. f5 O-O 14. Kh1 f6 15. Rg1 g5 16. Bxg5 fxg5 17. Rxg5 Kh8 18. Qg4 Bf6 19. Rh5 Rg8 20. Qh3 Rg7 21. Ne2 Qg8 22. Ng3 Nc5 23. Rg1 Nxd3 24. cxd3 Rf8 25. Rh6 Bg5 26. Re6 Rf6 27. Nh5 Rxe6 28. fxe6 Rg6 29. f3 Be3 30. Rxg6 Qxg6 31. Ng3 c6 32. dxc6 Nxc6 33. Qf5 Qxf5 34. exf5 Bg5 35. Ne4 Be7 {White forfeits on time} 0-1

[Event "FICS rated lightning game"]
[Site "FICS freechess.org"]
[FICSGamesDBGameNo "20002856"]
[White "joma"]
[Black "Marshallman"]
[WhiteElo "1629"]
[BlackElo "1442"]
[WhiteRD "na"]
[BlackRD "na"]
[TimeControl "120+0"]
[Date "1999.10.20"]
[Time "20:03:00"]
[WhiteClock "0:02:00.000"]
[BlackClock "0:02:00.000"]
[ECO "C30"]
[PlyCount "53"]
[Result "1-0"]

1. e4 e5 2. f4 f5 3. fxe5 fxe4 4. Qg4 d6 5. Qxe4 Be7 6. exd6 cxd6 7. Bb5+ Bd7 8. Qxb7 Bh4+ 9. g3 Qe7+ 10. Ne2 Bxb5 11. Qxb5+ Nd7 12. d3 Bf6 13. Nc3 Nh6 14. Bxh6 gxh6 15. O-O-O O-O 16. Rhf1 Ne5 17. Qd5+ Kg7 18. Nf4 Bg5 19. Kb1 Rab8 20. Ne6+ Kg8 21. Rxf8+ Rxf8 22. Nxg5+ Kh8 23. Ne6 Rf2 24. Nf4 Qc7 25. Rc1 Nf3 26. Ne6 Nd2+ 27. Ka1 {Black forfeits on time} 1-0

[Event "FICS rated blitz game"]
[Site "FICS freechess.org"]
[FICSGamesDBGameNo "20002854"]
[White "nagare"]
[Black "rnbqkbnr"]
[WhiteElo "1145"]
[BlackElo "841"]
[WhiteRD "na"]
[BlackRD "na"]
[TimeControl "120+12"]
[Date "1999.10.20"]
[Time "19:32:00"]
[WhiteClock "0:02:00.000"]
[BlackClock "0:02:00.000"]
[ECO "B00"]
[PlyCount "190"]
[Result "1/2-1/2"]

1. e4 b6 2. d4 Bb7 3. d5 Nf6 4. Bd3 e6 5. c4 Bb4+ 6. Bd2 Bxd2+ 7. Qxd2 exd5 8. cxd5 O-O 9. Nc3 c6 10. Nf3 cxd5 11. exd5 Nxd5 12. Nxd5 Bxd5 13. Ng5 h6 14. Nh7 Qe7+ 15. Kd1 Re8 16. Re1 Qxe1+ 17. Qxe1 Bf3+ 18. gxf3 Rxe1+ 19. Kxe1 Nc6 20. Be4 Re8 21. Kd2 Ne5 22. Ke3 Nc4+ 23. Kd4 Nxb2 24. Rb1 Na4 25. Rc1 b5 26. Rc7 a5 27. Ra7 Nb6 28. Rxa5 d5 29. Bf5 Nc4 30. Rxb5 Nd2 31. f4 Nf3+ 32. Kxd5 Rd8+ 33. Ke4 Nd2+ 34. Ke5 Nc4+ 35. Ke4 Nd6+ 36. Ke5 Nxb5 37. a4 Re8+ 38. Kd5 Nc3+ 39. Kc4 Nxa4 40. Bd7 Nb6+ 41. Kc5 Nxd7+ 42. Kd6 Rd8 43. Ke7 Ra8 44. Kxd7 Ra5 45. Ke7 f6 46. Nf8 Ra2 47. Ng6 Rxf2 48. h4 Re2+ 49. Kd6 Kf7 50. f5 Rf2 51. Nh8+ Ke8 52. Ke6 Rh2 53. Ng6 h5 54. Kd5 Re2 55. Nf4 Re5+ 56. Kd4 Rxf5 57. Ng6 Ra5 58. Ke3 Kf7 59. Nf4 f5 60. Nxh5 g6 61. Nf4 Ra1 62. Kf3 Rh1 63. Kg3 Kf6 64. Nd5+ Ke6 65. Nf4+ Kf6 66. Nd5+ Kf7 67. Nf4 Rg1+ 68. Kh3 Rg4 69. Ng2 g5 70. h5 Kg7 71. h6+ Kxh6 72. Ne3 Rf4 73. Kg3 Kh5 74. Nd5 Rh4 75. Nf6+ Kg6 76. Nd5 f4+ 77. Kf3 Kf5 78. Ne7+ Kf6 79. Nd5+ Kg6 80. Ne7+ Kh5 81. Nf5 Rh3+ 82. Ke4 Kg4 83. Nd4 f3 84. Ke3 Kg3 85. Nf5+ Kg4 86. Nd4 f2+ 87. Kxf2 Rh2+ 88. Ke3 Kg3 89. Nf5+ Kg4 90. Nd4 Rh8 91. Ne2 Rg8 92. Ke4 Kh5 93. Kf3 g4+ 94. Kg3 Kh6 95. Nd4 Kh5 {Game drawn by mutual agreement} 1/2-1/2

[Event "FICS rated blitz game"]
[Site "FICS freechess.org"]
[FICSGamesDBGameNo "20002853"]
[White "milktoast"]
[Black "roofman"]
[WhiteElo "1341"]
[BlackElo "1268"]
[WhiteRD "na"]
[BlackRD "na"]
[TimeControl "300+0"]
[Date "1999.10.20"]
[Time "18:26:00"]
[WhiteClock "0:05:00.000"]
[BlackClock "0:05:00.000"]
[ECO "B10"]
[PlyCount "84"]
[Result "0-1"]

1. e4 c6 2. Nf3 d5 3. e5 Bg4 4. Be2 e6 5. d4 c5 6. c3 cxd4 7. cxd4 Nc6 8. Bb5 Qa5+ 9. Nc3 Bb4 10. Bxc6+ bxc6 11. Bd2 Bxf3 12. Qxf3 Ne7 13. a3 Bxc3 14. Bxc3 Qb5 15. Rd1 O-O 16. Rd3 Nf5 17. Bb4 Rfe8 18. O-O a5 19. Bc3 c5 20. dxc5 Qxc5 21. Rfd1 Rad8 22. Qe2 Qa7 23. Qd2 a4 24. Rc1 Rd7 25. Qe1 Red8 26. Ba5 Re8 27. Rc6 Nd4 28. Bb6 Qb7 29. Rd6 Rxd6 30. Bxd4 Rd7 31. Rc3 Rc8 32. Rd3 Rdc7 33. Bc3 Qb5 34. Re3 Rc4 35. g3 Re4 36. Kg2 Rxe3 37. Qxe3 Qc4 38. Qa7 Qe4+ 39. f3 Qe2+ 40. Kh3 Qxf3 41. Qxa4 Qh5+ 42. Kg2 Qe2+ {White forfeits on time} 0-1

[Event "FICS rated blitz game"]
[Site "FICS freechess.org"]
[FICSGamesDBGameNo "20002852"]
[White "Cyber"]
[Black "milktoast"]
[WhiteElo "1694"]
[BlackElo "1344"]
[WhiteRD "na"]
[BlackRD "na"]
[TimeControl "300+0"]
[Date "1999.10.20"]
[Time "17:56:00"]
[WhiteClock "0:05:00.000"]
[BlackClock "0:05:00.000"]
[ECO "C21"]
[PlyCount "49"]
[Result "1-0"]

1. e4 e5 2. d4 exd4 3. c3 dxc3 4. Bc4 cxb2 5. Bxb2 Bb4+ 6. Kf1 Qg5 7. Nh3 Qc5 8. Qb3 Nh6 9. Bxg7 d5 10. Bxd5 Qc1+ 11. Ke2 Qxh1 12. Bxh6 Qe1+ 13. Kf3 Bxh3 14. Bxf7+ Kd8 15. gxh3 Nd7 16. Bg7 Qh1+ 17. Kg4 Qg2+ 18. Qg3 Qxe4+ 19. Qf4 Qe2+ 20. Qf3 Qxf3+ 21. Kxf3 Ne5+ 22. Bxe5 Rf8 23. Bf6+ Kc8 24. Be6+ Kb8 25. Bg4 {Black forfeits on time} 1-0

[Event "FICS rated blitz game"]
[Site "FICS freechess.org"]
[FICSGamesDBGameNo "20002851"]
[White "kiwan"]
[Black "AlixM"]
[WhiteElo "1312"]
[BlackElo "1436"]
[WhiteRD "na"]
[BlackRD "na"]
[TimeControl "120+12"]
[Date "1999.10.20"]
[Time "17:17:00"]
[WhiteClock "0:02:00.000"]
[BlackClock "0:02:00.000"]
[ECO "B07"]
[PlyCount "65"]
[Result "1-0"]

1. e4 d6 2. Bc4 Nf6 3. Nf3 Nxe4 4. d3 Nf6 5. O-O g6 6. Ng5 Bg7 7. Nxf7 Qd7 8. Nxh8 Bxh8 9. a4 d5 10. Bb3 Nc6 11. Re1 Qd6 12. h3 Bf5 13. Nc3 O-O-O 14. Nb5 Qd7 15. Bf4 e5 16. Bg5 a6 17. Nc3 Rf8 18. Bxf6 Bxf6 19. Nxd5 Bh4 20. Ne3 Bxh3 21. gxh3 Qxh3 22. Qg4+ Qxg4+ 23. Nxg4 h5 24. Nxe5 Bxf2+ 25. Kg2 Nxe5 26. Rxe5 Bd4 27. Re6 Rf2+ 28. Kg3 g5 29. Rh1 h4+ 30. Kg4 Rg2+ 31. Kh5 Bf2 32. Rg6 Be3 33. Rxh4 {Black resigns} 1-0

[Event "FICS rated blitz game"]
[Site "FICS freechess.org"]
[FICSGamesDBGameNo "20002850"]
[White "Heim"]
[Black "Express"]
[WhiteElo "1434"]
[BlackElo "1588"]
[WhiteRD "na"]
[BlackRD "na"]
[TimeControl "300+0"]
[Date "1999.10.20"]
[Time "16:51:00"]
[WhiteClock "0:05:00.000"]
[BlackClock "0:05:00.000"]
[ECO "A02"]
[PlyCount "101"]
[Result "1-0"]

1. f4 g6 2. e4 c6 3. d4 d6 4. Nf3 Bg4 5. Be2 Bg7 6. c3 Qc7 7. O-O Bxf3 8. Bxf3 e5 9. f5 Nf6 10. dxe5 dxe5 11. Bg5 O-O 12. Qc1 Nbd7 13. Na3 Rad8 14. Nc2 Nc5 15. Qe3 b6 16. Rad1 a5 17. fxg6 fxg6 18. h4 Rxd1 19. Rxd1 Rd8 20. Rxd8+ Qxd8 21. Qe2 Qd3 22. Bxf6 Qxe2 23. Bxe2 Bxf6 24. Bf3 Bxh4 25. Ne3 Nd3 26. b3 Bf2+ 27. Kf1 Bxe3 28. Ke2 Nc1+ 29. Kxe3 Nxa2 30. Kd3 Kf7 31. Kc2 Ke6 32. Kb2 Nxc3 33. Kxc3 b5 34. Be2 g5 35. Bg4+ Kd6 36. Be2 h6 37. g4 Kc5 38. Bd3 Kb6 39. Kb2 Kc5 40. Kc3 b4+ 41. Kd2 Kd4 42. Ke2 c5 43. Kd2 h5 44. gxh5 g4 45. h6 g3 46. Bf1 Kxe4 47. h7 Kf3 48. h8=Q Kf2 49. Qf6+ Kg1 50. Qf3 Kh2 51. Qg2# {Black checkmated} 1-0

[Event "FICS rated lightning game"]
[Site "FICS freechess.org"]
[FICSGamesDBGameNo "20002849"]
[White "Solis"]
[Black "CME"]
[WhiteElo "1739"]
[BlackElo "1996"]
[WhiteRD "na"]
[BlackRD "na"]
[TimeControl "60+0"]
[Date "1999.10.20"]
[Time "16:41:00"]
[WhiteClock "0:01:00.000"]
[BlackClock "0:01:00.000"]
[ECO "A85"]
[PlyCount "78"]
[Result "0-1"]

1. d4 e6 2. c4 f5 3. Nf3 Nf6 4. Nc3 d5 5. Bg5 c6 6. e3 Bd6 7. cxd5 exd5 8. Bd3 O-O 9. O-O Qe8 10. Re1 Ne4 11. Nxe4 fxe4 12. Bf4 Bb4 13. Bxe4 dxe4 14. Re2 exf3 15. gxf3 Qh5 16. Rc2 Bh3 17. a3 Be7 18. b4 Nd7 19. Bg3 a6 20. f4 Qxd1+ 21. Rxd1 Bf5 22. Rc3 Bg4 23. Rdc1 Nf6 24. a4 Ne4 25. R3c2 Bxb4 26. Rb2 a5 27. Rc4 Nc3 28. Rc2 Bf5 29. R2xc3 Bxc3 30. Rxc3 Be4 31. Rb3 h6 32. Kf1 Rf7 33. h4 g6 34. Ke2 h5 35. f3 b5 36. fxe4 bxa4 37. Ra3 Rb7 38. Rxa4 Rb2+ 39. Kd3 Rab8 {White forfeits on time} 0-1

[Event "FICS rated blitz game"]
[Site "FICS freechess.org"]
[FICSGamesDBGameNo "20002848"]
[White "marck"]
[Black "litmus"]
[WhiteElo "1481"]
[BlackElo "1748"]
[WhiteRD "na"]
[BlackRD "na"]
[TimeControl "120+12"]
[Date "1999.10.20"]
[Time "16:19:00"]
[WhiteClock "0:02:00.000"]
[BlackClock "0:02:00.000"]
[ECO "E70"]
[PlyCount "97"]
[Result "1-0"]

1. d4 Nf6 2. c4 g6 3. Nc3 Bg7 4. e4 O-O 5. e5 Ne8 6. Bf4 d6 7. Nf3 c5 8. d5 dxe5 9. Bxe5 Nf6 10. Be2 Nbd7 11. Bf4 Qb6 12. Qc2 Nh5 13. Bg5 Ndf6 14. O-O Bf5 15. Qd2 Rfe8 16. Rfe1 Ne4 17. Nxe4 Bxe4 18. Bd3 Bxf3 19. gxf3 Qxb2 20. Qxb2 Bxb2 21. Rab1 Bc3 22. Rxe7 Rxe7 23. Bxe7 Nf4 24. Bf1 b6 25. d6 Ne6 26. Rc1 Ba5 27. Bd3 f5 28. Rc2 Kf7 29. Re2 Bc3 30. Bc2 Bf6 31. Bxf6 Kxf6 32. Ba4 Rd8 33. d7 Ke7 34. Bc6 Kd6 35. Ba4 f4 36. h4 h6 37. Kf1 g5 38. hxg5 hxg5 39. Re1 a6 40. Rd1+ Kc7 41. Rd5 a5 42. Kg2 Rh8 43. Re5 Kd6 44. Rf5 Ke7 45. Rd5 Rh5 46. Bc2 Rh8 47. Bf5 Nd4 48. Re5+ Kd6 49. Re8 {Black resigns} 1-0

[Event "FICS rated blitz game"]
[Site "FICS freechess.org"]
[FICSGamesDBGameNo "20002847"]
[White "vessoj"]
[Black "loulou"]
[WhiteElo "1851"]
[BlackElo "1835"]
[WhiteRD "na"]
[BlackRD "na"]
[TimeControl "180+0"]
[Date "1999.10.20"]
[Time "16:14:00"]
[WhiteClock "0:03:00.000"]
[BlackClock "0:03:00.000"]
[ECO "D31"]
[PlyCount "69"]
[Result "1-0"]

1. d4 e6 2. c4 d5 3. Nc3 f5 4. Nf3 c6 5. Bf4 Bd6 6. Bg5 Nf6 7. e3 O-O 8. c5 Bc7 9. Bd3 Qe8 10. Qe2 Qh5 11. Bxf6 Rxf6 12. O-O-O a5 13. h3 Rf8 14. g4 Qf7 15. Ng5 Qe7 16. f4 Nd7 17. gxf5 exf5 18. Rdg1 Nf6 19. h4 Ne4 20. Bxe4 fxe4 21. Qh5 Bf5 22. Ne2 b6 23. Ng3 Bg6 24. Qe2 bxc5 25. h5 Bf5 26. Nxf5 Rxf5 27. Qg4 Rff8 28. Kb1 cxd4 29. Ne6 Rf7 30. f5 dxe3 31. h6 Be5 32. hxg7 Bxg7 33. Qh5 h6 34. Qxh6 Qf6 35. Qh7# {Black checkmated} 1-0

[Event "FICS rated blitz game"]
[Site "FICS freechess.org"]
[FICSGamesDBGameNo "20002846"]
[White "mater"]
[Black "vukas"]
[WhiteElo "1772"]
[BlackElo "1774"]
[WhiteRD "na"]
[BlackRD "na"]
[TimeControl "300+0"]
[Date "1999.10.20"]
[Time "15:20:00"]
[WhiteClock "0:05:00.000"]
[BlackClock "0:05:00.000"]
[ECO "A16"]
[PlyCount "74"]
[Result "1-0"]

1. c4 Nf6 2. Nc3 d5 3. cxd5 Nxd5 4. g3 Nxc3 5. bxc3 g6 6. Bg2 Bg7 7. Nf3 O-O 8. O-O Nd7 9. Qa4 Nb6 10. Qh4 c5 11. Ng5 h5 12. a4 Bf6 13. f4 e5 14. d3 exf4 15. gxf4 Bxc3 16. Rb1 Bd4+ 17. Kh1 Bf6 18. f5 Bxf5 19. Rxf5 gxf5 20. Qxh5 Bxg5 21. Bxg5 Qd6 22. Rg1 Qg6 23. Qh4 f6 24. Bxb7 Kf7 25. Be3 Rh8 26. Qf2 Qh5 27. a5 Rab8 28. Bf3 Qh3 29. axb6 axb6 30. d4 Rbe8 31. dxc5 Rxe3 32. cxb6 Rb3 33. b7 Kf8 34. Rd1 Rxf3 35. exf3 Kg7 36. Rc1 Kh6 37. Rc7 Kh5 {Black forfeits on time} 1-0

[Event "FICS rated blitz game"]
[Site "FICS freechess.org"]
[FICSGamesDBGameNo "20002845"]
[White "Marlowe"]
[Black "vjeko"]
[WhiteElo "1364"]
[BlackElo "1104"]
[WhiteRD "na"]
[BlackRD "na"]
[TimeControl "300+2"]
[Date "1999.10.20"]
[Time "15:14:00"]
[WhiteClock "0:05:00.000"]
[BlackClock "0:05:00.000"]
[ECO "C47"]
[PlyCount "89"]
[Result "1-0"]

1. e4 e5 2. Nf3 Nc6 3. Bc4 Nf6 4. Nc3 h6 5. d4 exd4 6. Nxd4 Bc5 7. Nxc6 bxc6 8. O-O d5 9. exd5 cxd5 10. Bb5+ Bd7 11. Bxd7+ Qxd7 12. Re1+ Be7 13. Qe2 O-O 14. Qxe7 Qxe7 15. Rxe7 Rae8 16. Rxe8 Rxe8 17. Bf4 c6 18. Kf1 Ng4 19. h3 Nf6 20. Re1 d4 21. Rxe8+ Nxe8 22. Ne4 g5 23. Bb8 f5 24. Nd6 Nxd6 25. Bxd6 f4 26. Bc5 d3 27. cxd3 a6 28. Ke2 Kf7 29. g3 fxg3 30. fxg3 Ke6 31. Ke3 Kf5 32. g4+ Kg6 33. d4 h5 34. Ke4 hxg4 35. hxg4 Kf6 36. d5 Kf7 37. Ke5 Ke8 38. d6 Kd8 39. Kf5 Kd7 40. Kxg5 a5 41. Kf6 a4 42. g5 Ke8 43. g6 Kf8 44. g7+ Kg8 45. d7 {Black resigns} 1-0